 Dungeon Crawl Stone Soup version bcrawl-1.40.3 (webtiles) character file.

Game seed: 16477222046866316903

202986 Queen the Shield-Bearer (level 7, -1/56 HPs)
             Began as a Formicid Fighter on Nov 21, 2023.
             Was a Follower of Trog.
             Slain by a killer bee (3 damage)
             ... on level 4 of the Dungeon.
             The game lasted 00:07:02 (4135 turns).

Queen the Shield-Bearer (Formicid Fighter)          Turns: 4135, Time: 00:07:02

Health: -1/56      AC: 11    Str: 23    XL:     7   Next: 91%
Magic:  7/7        EV:  6    Int:  7    God:    Trog [*.....]
Gold:   353        SH: 10    Dex: 10    Spells: 6/6 levels left

rFire    . . .     GDR:     27% t - +2 halberd (protect)
rCold    . . .     SeeInvis +   c - +0 medium shield
rNeg     . . .     Gourm    .   s - +0 chain mail
rPois    .         Faith    .   (helmet unavailable)
rElec    .         Spirit   .   (no cloak)
rCorr    .         Reflect  .   o - +0 pair of gloves
MR       +....                  (no boots)
Stlth    ..........             (no amulet)
HPRegen  0.19/turn              j - ring of protection from magic
MPRegen  0.10/turn              (no ring)

@: lethally poisoned (-1 -> -16)
A: permanent stasis, dig shafts and tunnels, four strong arms, antennae 3
a: Dig, Shaft Self, Renounce Religion


You were on level 4 of the Dungeon.
You worshipped Trog.
Trog was aware of your devotion.
You were not hungry.

You visited 2 branches of the dungeon, and saw 5 of its levels.

You collected 353 gold pieces.

Inventory:

Hand Weapons
 a - a +0 war axe
 t - a +2 halberd of protection (weapon)
Armour
 c - a +0 medium shield (worn)
 o - a +0 pair of gloves (worn)
 s - a +0 chain mail (worn)
Jewellery
 j - a ring of protection from magic (left hand)
Scrolls
 f - a scroll of teleportation {unknown}
 g - a scroll of enchant weapon
 i - 4 scrolls of identify {@r1}
 k - 3 scrolls of remove curse {unknown}
 l - a scroll of blinking {unknown}
 m - 2 scrolls of fog {unknown}
 r - a scroll of revelation {unknown}
Potions
 d - a potion of might
 h - 3 potions of invisibility
 n - 2 potions of flight {unknown}
 p - a potion of haste {unknown}
 q - a potion of heal wounds {unknown}
Comestibles
 b - a chunk of flesh
 e - 9 rations {!d}


   Skills:
 + Level 5.4 Fighting
 + Level 4.4 Axes
 + Level 5.4 Armour
 + Level 6.0 Shields


You had 6 spell levels left.
You didn't know any spells.
Your spell library was empty.

Dungeon Overview and Level Annotations

Branches:
Dungeon (4/12)             Temple (1/1) D:4

Altars:
Ashenzari
Fedhas
Makhleb
Sif Muna
Trog
Yredelemnul
The Shining One


Innate Abilities, Weirdness & Mutations

You cannot be hasted, slowed, berserked, paralysed or teleported.
You can dig through walls and to a lower floor.
Your four strong arms can wield two-handed weapons with a shield.
You have a pair of large antennae on your head. (SInv)


Message History

* * * LOW HITPOINT WARNING * * *
You feel sick. The killer bee stings you.
* * * LOW HITPOINT WARNING * * *
You are more poisoned.
The killer bee poisons you!
The killer bee stings you but does no damage. x2
You miss the killer bee.
* * * LOW HITPOINT WARNING * * *
You feel very sick. You block the killer bee's attack.
The killer bee stings you but does no damage.
You barely miss the killer bee.
* * * LOW HITPOINT WARNING * * *
You feel sick. You block the killer bee's attack. x2
The killer bee stings you but does no damage.
You closely miss the killer bee.
* * * LOW HITPOINT WARNING * * *
You feel very sick.
You block the killer bee's attack. x2; The killer bee stings you.
You die...

#.# #.#.#..... # ###.#
#.#......# . ..#.#
#.#......# #. #.#.#
###.#......# ###.####.#.#
#....[.....#
.#........#.####.....#.....
..........รท.............#.#
#.......##.##.#.#.######.#
........hy@.##)##..# #.#
#####...h####.####.## #.#
.....######.# #..#####.#
#..#.##.....####.........
##.#.#................... .
..#......####........( ..
###......####.##.###.#
#####......#......#.##.#
#.......####.........#.#


You could see a killer bee and 2 jackals.

Vanquished Creatures
  An orc priest (D:4)
  A crimson imp (D:4)
  3 hounds (D:4)
  3 iron imps (D:3)
  An orc wizard (D:3)
  2 bullfrog skeletons (D:4)
  Terence (D:2)
  An iguana (D:4)
  5 worker ants
  2 hound skeletons (D:4)
  3 gnolls (D:4)
  3 adders
  2 worms (D:2)
  3 dart slugs
  5 leopard geckos
  17 orcs
  2 giant cockroaches (D:1)
  2 goblins
  3 hobgoblins
  5 kobolds (D:1)
  A quokka (D:4)
  A ball python (D:2)
  5 bats
  2 frilled lizards
  2 quokka skeletons
  4 rats
80 creatures vanquished.

Notes
Turn   | Place    | Note
-------+----------+-------------------------------------------
     0 | D:1      | Queen the Formicid Fighter began the quest for the Orb.
     0 | D:1      | Reached XP level 1. HP: 18/18 MP: 1/1
   121 | D:1      | Reached XP level 2. HP: 24/24 MP: 2/2
   322 | D:1      | Reached XP level 3. HP: 29/29 MP: 3/3
   673 | D:1      | Reached skill level 4 in Shields
   909 | D:2      | Reached XP level 4. HP: 25/37 MP: 4/4
  1037 | D:2      | Noticed Terence
  1056 | D:2      | Killed Terence
  1231 | D:2      | Found a shimmering blue altar of Sif Muna.
  1546 | D:2      | Found a bloodstained altar of Trog.
  1853 | D:2      | Became a worshipper of Trog the Wrathful
  1931 | D:3      | Reached XP level 5. HP: 42/42 MP: 5/5
  2575 | D:3      | Found a glowing golden altar of the Shining One.
  2597 | D:3      | Found a bloodstained altar of Trog.
  2622 | D:3      | Found a basalt altar of Yredelemnul.
  2643 | D:3      | Found a blossoming altar of Fedhas.
  2769 | D:3      | Found a burning altar of Makhleb.
  2781 | D:3      | Reached XP level 6. HP: 49/49 MP: 6/6
  2788 | D:3      | Reached skill level 5 in Shields
  3224 | D:4      | Found a staircase to the Ecumenical Temple.
  3231 | D:4      | Reached XP level 7. HP: 51/55 MP: 7/7
  3248 | Temple   | Entered the Ecumenical Temple
  3282 | D:4      | Reached skill level 5 in Fighting
  3282 | D:4      | Reached skill level 5 in Armour
  3464 | D:4      | Reached * piety under Trog
  3657 | D:4      | Found a shattered altar of Ashenzari.
  3738 | D:4      | Reached skill level 6 in Shields
  4135 | D:4      | HP: 2/56 [poisoned by a killer bee]
  4135 | D:4      | Slain by a killer bee

Skill      XL: |  1  2  3  4  5  6  7 |
---------------+----------------------+-----
Shields        | 4 5 6 |  6.0
Fighting       | 4 5 |  5.4
Armour         | 4 5 |  5.4
Axes           | 3 4 |  4.4

Action                   |  1- 3 |  4- 6 |  7- 9 || total
-------------------------+-------+-------+-------++-------
Melee: War axe           |    79 |   118 |    34 ||   231
       Halberd           |       |       |    58 ||    58
 Abil: Dig               |       |     4 |       ||     4
  Use: Scroll            |     2 |     1 |       ||     3
       Potion            |       |     1 |     1 ||     2
  Eat: Chunk             |     1 |    13 |     7 ||    21
Armor: Scale mail        |    32 |    41 |       ||    73
       Chain mail        |       |     9 |    66 ||    75
Dodge: Dodged            |    23 |    30 |    26 ||    79
Block: Medium shield     |    40 |    63 |    62 ||   165
